Map: Deathaura LE

Players

Asuna - Winner!

  • Race: Protoss Protoss
  • Spawn Location: 11:00

LiquidTLO (TLO)

  • Race: Zerg Zerg
  • League: Master
  • Spawn Location: 5:00

Event: DreamHack SC2 Masters 2020 Fall

VOD

Have the link to the VOD?

Description

Time

  • Played on: Sept. 5, 2020, 6:08 p.m.
  • Length: 20:40

All games in this series

Show
View Real Time Build Order
Export as new Build Order

Asuna Protoss - Winner!

Build Orders: 1 Gate Expand, Oracle Opening, Phoenix Opening, Carriers, Mass Phoenix 

Get SALT Encoding   

  12  0:00  Probe  
  13  0:12  Probe  
  14  0:17  Pylon  
  14  0:25  Probe (Chrono Boost)  
  15  0:37  Probe (Chrono Boost)  
  15  0:40  Gateway  
  16  0:45  Probe (Chrono Boost)  
  16  0:46  Assimilator  
  17  0:51  Probe  
  18  1:03  Probe  
  19  1:15  Probe  
  20  1:23  Nexus  
  20  1:33  Cybernetics Core  
  20  1:37  Probe  
  21  1:43  Assimilator  
  21  1:49  Probe  
  22  1:54  Pylon  
  22  2:01  Probe  
  23  2:09  Adept (Chrono Boost)  
  25  2:17  Stargate, Probe  
  26  2:26  Warp Gate  
  26  2:29  Adept (Chrono Boost), Probe  
  30  2:37  Probe (Chrono Boost)  
  30  2:41  Probe (Chrono Boost)  
  33  2:51  Probe (Chrono Boost)  
  33  2:52  Probe (Chrono Boost)  
  33  2:54  Adept  
  35  2:58  Probe  
  35  2:59  Probe  
  35  3:02  Phoenix (Chrono Boost)  
  39  3:10  Probe  
  39  3:11  Probe  
  41  3:15  Pylon  
  41  3:22  Probe  
  41  3:24  Oracle (Chrono Boost)  
  41  3:26  Probe  
  46  3:35  Gateway, Probe  
  46  3:36  Assimilator  
  46  3:38  Assimilator  
  46  3:39  Probe  
  48  3:47  Probe  
  49  3:52  Probe  
  49  3:53  Pylon  
  49  3:54  Stargate  
  50  3:59  Probe  
  51  4:04  Probe  
  51  4:08  Phoenix  
  54  4:11  Probe  
  54  4:12  Pylon  
  54  4:16  Probe  
  56  4:19  Adept  
  56  4:23  Probe  
  59  4:28  Probe  
  60  4:35  Phoenix (Chrono Boost), Probe  
  63  4:40  Probe, Pylon  
  63  4:44  Phoenix (Chrono Boost)  
  66  4:49  Nexus  
  66  4:54  Phoenix (Chrono Boost)  
  68  5:01  Pylon, Probe x2  
  70  5:13  Probe x2  
  74  5:15  Phoenix (Chrono Boost), Pylon  
  74  5:17  Shield Battery  
  74  5:22  Zealot  
  74  5:25  Zealot, Probe  
  79  5:30  Probe  
  79  5:34  Phoenix (Chrono Boost)  
  82  5:37  Probe  
  82  5:42  Phoenix (Chrono Boost), Probe  
  85  5:47  Fleet Beacon  
  86  5:52  Adept  
  86  5:54  Adept  
  88  5:59  Phoenix  
  83  6:14  Probe (Chrono Boost)  
  83  6:15  Probe x2 (Chrono Boost)  
  85  6:26  Probe (Chrono Boost)  
  85  6:27  Probe (Chrono Boost)  
  85  6:28  Probe (Chrono Boost)  
  85  6:29  Zealot x2  
  85  6:30  Shield Battery  
  91  6:34  Shield Battery  
  95  6:40  Pylon  
  95  6:41  Protoss Air Weapons Level 1  
  95  6:44  Probe  
  95  6:45  Probe x2  
  96  6:52  Zealot x2  
  96  6:56  Carrier (Chrono Boost)  
  96  6:57  Probe x3  
  107  7:09  Probe x2  
  107  7:13  Carrier (Chrono Boost)  
  107  7:15  Assimilator  
  109  7:17  Assimilator  
  109  7:18  Pylon  
  109  7:19  Forge, Pylon  
  109  7:23  Shield Battery, Gateway  
  109  7:28  Probe  
  107  7:38  Probe x2  
  107  7:39  Adept x2  
  107  7:41  Probe  
  102  7:50  Probe x2  
  104  7:51  Protoss Ground Weapons Level 1  
  104  7:53  Pylon  
  104  7:56  Carrier  
  110  8:06  Carrier (Chrono Boost)  
  110  8:07  Gateway  
  110  8:10  Gateway  
  110  8:11  Pylon  
  116  8:26  Zealot x3  
  118  8:39  Photon Cannon  
  118  8:42  Shield Battery  
  118  8:44  Shield Battery  
  118  8:47  Twilight Council, Gateway  
  118  8:48  Sentry, Gateway  
  118  8:49  Sentry  
  118  8:51  Probe x2  
  118  8:52  Void Ray (Chrono Boost)  
  124  8:56  Adept  
  124  9:01  Void Ray (Chrono Boost)  
  134  9:12  Protoss Air Weapons Level 2 (Chrono Boost)  
  134  9:14  Stargate  
  134  9:23  Gateway  
  134  9:25  Gateway  
  134  9:30  Zealot  
  136  9:32  Pylon  
  136  9:37  Charge (Chrono Boost), Pylon  
  136  9:47  Pylon  
  136  9:48  Carrier (Chrono Boost)  
  136  9:50  Pylon  
  148  9:54  Robotics Facility  
  148  9:57  Carrier (Chrono Boost), Photon Cannon  
  148  9:58  Carrier (Chrono Boost)  
  154  10:05  Templar Archives  
  152  10:11  Zealot x3  
  158  10:14  Shield Battery  
  158  10:28  Photon Cannon  
  158  10:29  Protoss Ground Weapons Level 2 (Chrono Boost), Photon Cannon  
  145  10:52  Zealot x2, High Templar x4  
  145  10:53  Zealot x3  
  141  10:58  Archon  
  141  10:59  Archon  
  141  11:00  Observer  
  118  11:13  Zealot x2  
  118  11:14  Zealot x3  
  116  11:22  Carrier x2 (Chrono Boost)  
  116  11:25  Psionic Storm  
  116  11:30  Observer  
  116  11:31  High Templar  
  116  11:32  Zealot x2  
  121  11:33  High Templar  
  121  11:34  Zealot  
  121  11:35  Zealot x3  
  133  11:40  Archon  
  132  11:59  Nexus  
  132  12:00  Pylon  
  132  12:16  Nexus  
  132  12:18  High Templar x3  
  132  12:19  Pylon  
  138  12:24  Photon Cannon  
  138  12:25  Shield Battery  
  138  12:27  High Templar  
  138  12:29  Photon Cannon  
  140  12:33  High Templar  
  140  12:36  Zealot x4  
  150  12:43  Photon Cannon  
  150  12:50  Photon Cannon  
  148  12:54  High Templar  
  132  13:10  Zealot x4, Archon x2  
  132  13:11  Zealot x4  
  134  13:16  Probe x2  
  136  13:20  Probe  
  129  13:28  Probe  
  129  13:31  High Templar x5  
  140  13:38  High Templar  
  140  13:40  Probe x2  
  144  13:42  Assimilator  
  144  13:46  Assimilator  
  144  13:53  Photon Cannon  
  144  13:57  High Templar x2  
  148  14:05  Photon Cannon  
  148  14:10  Observer  
  148  14:15  Pylon  
  149  14:25  Zealot x4  
  149  14:26  Zealot x2  
  161  14:31  High Templar x2  
  161  14:35  Zealot  
  161  14:37  Void Ray (Chrono Boost), Archon  
  161  14:38  Void Ray (Chrono Boost)  
  165  14:46  Carrier (Chrono Boost)  
  159  15:10  Archon x3  
  159  15:14  Zealot x9  
  129  15:20  Void Ray x2 (Chrono Boost)  
  135  15:36  High Templar x4  
  135  15:38  Void Ray (Chrono Boost)  
  147  15:46  Observer (Chrono Boost)  
  148  15:50  Zealot  
  148  15:52  Pylon  
  148  15:55  Void Ray x2  
  158  16:04  High Templar  
  160  16:17  Archon x2  
  158  16:24  Nexus  
  158  16:28  Zealot x6  
  146  16:40  Photon Cannon  
  146  16:42  Shield Battery  
  144  16:47  High Templar x3  
  144  16:48  High Templar x2  
  154  17:02  Photon Cannon  
  154  17:03  Photon Cannon  
  154  17:08  Photon Cannon  
  154  17:09  Shield Battery  
  154  17:12  Zealot x2  
  154  17:15  Zealot  
  160  17:28  High Templar x4  
  168  17:32  Archon x2  
  168  17:37  Carrier (Chrono Boost)  
  162  17:43  Zealot x2, Assimilator  
  172  17:45  Assimilator  
  168  17:52  Photon Cannon  
  168  17:59  Zealot  
  168  18:01  Zealot  
  168  18:02  Zealot x4  
  180  18:08  Dark Shrine  
  180  18:12  Carrier (Chrono Boost)  
  180  18:14  Pylon  
  184  18:21  Observer (Chrono Boost)  
  185  18:31  High Templar x2  
  189  18:34  Warp Prism (Chrono Boost)  
  189  18:38  Zealot x6  
  193  18:43  Pylon  
  193  18:50  Zealot  
  187  18:58  Zealot x5  
  195  19:08  Photon Cannon  
  189  19:10  Warp Prism (Chrono Boost)  
  189  19:11  Shield Battery, Photon Cannon  
  173  19:17  Zealot x2  
  173  19:18  Zealot  
  128  19:51  Zealot x9  
  138  20:01  Observer (Chrono Boost)  
  123  20:12  Archon  
  103  20:14  High Templar x3  
  103  20:15  High Templar x6  
  103  20:20  Archon x4  
Show
View Real Time Build Order
Export as new Build Order

LiquidTLO Zerg 

Build Orders: Hatch First 

Get SALT Encoding   

  12  0:00  Drone  
  13  0:12  Overlord  
  13  0:16  Drone  
  14  0:30  Drone x2  
  16  0:48  Hatchery  
  15  0:50  Drone  
  15  0:54  Drone  
  17  0:58  Drone  
  17  1:03  Extractor  
  17  1:14  Spawning Pool  
  17  1:17  Drone  
  17  1:20  Drone  
  18  1:29  Drone  
  19  1:39  Drone  
  20  1:49  Overlord  
  20  2:00  Queen  
  22  2:03  Metabolic Boost, Zergling x2  
  22  2:06  Queen  
  25  2:11  Zergling x2  
  25  2:13  Drone  
  27  2:16  Drone  
  27  2:21  Drone  
  27  2:22  Drone  
  30  2:33  Drone  
  31  2:38  Hatchery  
  31  2:43  Overlord  
  30  2:45  Drone  
  31  2:52  Queen  
  31  2:57  Overlord  
  32  2:59  Drone  
  32  3:03  Drone  
  32  3:05  Drone  
  35  3:06  Drone  
  36  3:13  Drone x2  
  36  3:14  Drone  
  36  3:15  Drone  
  36  3:17  Drone  
  41  3:20  Evolution Chamber  
  41  3:23  Overlord  
  40  3:28  Zergling x4  
  40  3:33  Queen  
  44  3:37  Overlord  
  44  3:42  Zergling x4  
  44  3:45  Drone x2  
  44  3:48  Zerg Melee Weapons Level 1  
  48  3:50  Drone  
  48  3:54  Spore Crawler  
  48  3:56  Spore Crawler  
  48  3:57  Drone  
  48  3:59  Drone  
  49  4:03  Drone  
  49  4:04  Spore Crawler  
  49  4:05  Drone  
  50  4:10  Queen  
  50  4:13  Drone  
  50  4:15  Drone  
  50  4:16  Drone  
  55  4:18  Drone  
  55  4:20  Drone  
  57  4:24  Extractor  
  57  4:27  Drone  
  57  4:29  Drone x2  
  57  4:31  Baneling Nest, Zergling x2  
  59  4:32  Overlord  
  59  4:35  Zergling x2  
  59  4:36  Zergling x2  
  60  4:40  Drone x2  
  60  4:43  Zergling x4  
  64  4:47  Zergling x2, Overlord  
  64  4:52  Lair  
  64  4:55  Drone  
  64  4:57  Drone x2  
  64  4:59  Drone  
  68  5:01  Drone  
  68  5:05  Drone  
  68  5:06  Drone x2  
  73  5:07  Drone  
  73  5:08  Zergling x2  
  73  5:10  Drone x2  
  76  5:14  Drone  
  76  5:16  Drone  
  78  5:22  Drone, Extractor  
  78  5:23  Drone, Extractor  
  78  5:26  Drone x2  
  78  5:27  Drone x2, Zergling x2  
  83  5:30  Drone  
  83  5:32  Drone x2  
  83  5:35  Extractor  
  82  5:36  Extractor  
  82  5:37  Drone  
  82  5:48  Zergling x4  
  82  5:49  Overlord  
  84  5:51  Hatchery  
  82  5:59  Centrifical Hooks  
  82  6:00  Zergling x2  
  82  6:01  Zergling x12  
  82  6:02  Hydralisk Den, Zergling x2  
  82  6:03  Zergling x2  
  89  6:05  Zergling x2  
  89  6:08  Zergling x2  
  89  6:09  Zergling x4, Spore Crawler  
  89  6:11  Drone  
  88  6:15  Spore Crawler  
  85  6:18  Drone  
  85  6:19  Spore Crawler x2  
  85  6:21  Zerg Melee Weapons Level 2  
  85  6:25  Drone  
  85  6:26  Drone  
  85  6:27  Drone  
  85  6:28  Drone, Zergling x2  
  85  6:32  Drone, Grooved Spines  
  90  6:33  Drone  
  90  6:35  Drone  
  91  6:46  Zergling x2  
  94  6:47  Zergling x14  
  94  6:48  Zergling x2  
  94  6:49  Zergling x2  
  94  6:54  Zergling x2  
  91  6:59  Zergling x2  
  91  7:01  Zergling x12  
  94  7:02  Overlord  
  94  7:05  Infestation Pit  
  94  7:06  Baneling x4  
  96  7:09  Spore Crawler  
  96  7:12  Drone x2  
  96  7:14  Drone, Baneling x2  
  97  7:15  Drone  
  97  7:19  Drone  
  97  7:20  Drone x3  
  101  7:28  Zergling x4  
  101  7:29  Zergling x2  
  102  7:30  Zergling x2  
  102  7:31  Spore Crawler  
  102  7:32  Zergling x2, Spore Crawler  
  102  7:35  Zergling x2  
  102  7:36  Zergling x16  
  104  7:38  Zergling x2  
  104  7:39  Zergling x2  
  104  7:43  Muscular Augments, Pathogen Glands  
  100  7:47  Drone  
  100  7:48  Drone x2  
  100  7:49  Overlord  
  100  7:50  Extractor  
  100  7:51  Extractor  
  101  7:59  Hydralisk  
  101  8:01  Baneling x6  
  101  8:03  Hydralisk x3  
  108  8:07  Burrow  
  107  8:13  Infestor x3  
  107  8:14  Drone  
  107  8:15  Drone  
  115  8:25  Hydralisk x3  
  114  8:28  Hydralisk x2  
  114  8:30  Hydralisk  
  114  8:31  Hydralisk x2  
  116  8:35  Infestor  
  116  8:37  Zerg Missile Weapons Level 1  
  116  8:40  Neural Parasite  
  114  8:42  Drone  
  114  8:43  Drone  
  116  8:48  Hydralisk  
  116  8:52  Overlord x2  
  118  8:57  Overlord  
  118  9:02  Overlord  
  116  9:03  Overlord  
  116  9:06  Hydralisk, Overlord  
  116  9:08  Evolution Chamber, Overlord x2  
  117  9:10  Hydralisk x2  
  117  9:14  Hydralisk  
  117  9:15  Hydralisk  
  125  9:17  Hydralisk  
  125  9:19  Overlord  
  125  9:21  Hydralisk  
  129  9:26  Hydralisk x2  
  129  9:28  Hydralisk  
  129  9:31  Hydralisk  
  135  9:33  Hydralisk  
  135  9:34  Hydralisk  
  135  9:37  Hydralisk  
  143  9:39  Hydralisk  
  143  9:41  Hydralisk  
  143  9:43  Overseer  
  143  9:44  Overseer x2  
  147  9:51  Hydralisk x3  
  153  9:52  Hydralisk  
  153  9:55  Drone  
  153  9:57  Hydralisk  
  158  10:00  Zerg Ground Armor Level 1  
  158  10:01  Hydralisk  
  158  10:06  Hydralisk  
  160  10:10  Hydralisk x3  
  160  10:11  Zergling x4  
  170  10:17  Hydralisk  
  170  10:21  Hydralisk x3  
  172  10:23  Infestor x3  
  172  10:24  Hydralisk  
  172  10:25  Hydralisk  
  172  10:26  Zergling x4  
  172  10:28  Zergling x2  
  183  10:31  Hydralisk x2  
  181  10:45  Hydralisk x2, Zergling x2  
  181  10:46  Infestor, Hydralisk  
  181  10:47  Hydralisk x3  
  186  10:57  Overlord  
  186  10:58  Infestor x2  
  186  11:03  Hydralisk x2  
  180  11:04  Overlord  
  180  11:05  Zergling x14  
  180  11:10  Hydralisk x21  
  167  11:11  Hydralisk x2  
  167  11:12  Zergling x2  
  167  11:15  Zergling x2  
  167  11:17  Hydralisk  
  167  11:18  Hydralisk x3  
  154  11:19  Hydralisk  
  154  11:23  Hydralisk  
  154  11:24  Hydralisk  
  157  11:26  Zergling x2  
  157  11:29  Spire  
  156  11:36  Drone  
  156  11:39  Hatchery  
  156  11:41  Infestor x3  
  156  11:45  Zerg Missile Weapons Level 2  
  162  11:48  Zergling x8  
  162  11:52  Drone x3  
  169  11:54  Baneling  
  169  11:55  Zergling x2, Baneling x4  
  169  11:56  Zergling x2  
  169  11:58  Zergling x2  
  169  11:59  Overlord  
  172  12:07  Overlord  
  172  12:11  Hydralisk x3  
  173  12:17  Zergling x8  
  173  12:20  Zergling x2  
  173  12:21  Baneling x11  
  173  12:22  Baneling  
  177  12:24  Hydralisk  
  179  12:33  Hydralisk x4  
  187  12:38  Baneling  
  187  12:40  Pneumatized Carapace  
  187  12:41  Overseer  
  187  12:43  Zerg Flyer Weapons Level 1  
  188  12:44  Drone x3  
  155  13:07  Hydralisk  
  155  13:10  Hydralisk  
  155  13:11  Hydralisk x9  
  149  13:13  Hydralisk  
  149  13:14  Hydralisk  
  149  13:16  Hydralisk  
  149  13:19  Zergling x2  
  146  13:20  Drone  
  146  13:23  Corruptor  
  146  13:24  Hydralisk  
  146  13:25  Hydralisk  
  148  13:27  Hydralisk  
  148  13:29  Zergling x2  
  148  13:30  Baneling x4  
  148  13:32  Hydralisk  
  153  13:38  Corruptor x2  
  153  13:39  Drone  
  158  13:41  Extractor  
  158  13:42  Extractor  
  158  13:43  Zergling x2  
  158  13:44  Corruptor  
  158  13:47  Queen  
  161  13:55  Corruptor x2  
  165  13:58  Corruptor  
  165  14:00  Zergling x2  
  165  14:02  Zergling x4  
  170  14:05  Corruptor  
  170  14:07  Corruptor  
  174  14:10  Corruptor  
  174  14:14  Baneling x4  
  174  14:16  Zergling x2  
  177  14:18  Zergling x2  
  177  14:21  Zergling x4  
  177  14:22  Corruptor  
  182  14:24  Zergling x2  
  182  14:25  Zergling x4  
  182  14:27  Overseer  
  182  14:28  Zergling x2  
  182  14:29  Zergling x2  
  187  14:34  Zergling x2  
  187  14:35  Zergling x4  
  187  14:37  Corruptor  
  189  14:38  Overlord  
  189  14:41  Zerg Flyer Armor Level 1  
  166  15:08  Hydralisk x2  
  166  15:13  Hydralisk  
  154  15:15  Hydralisk  
  154  15:16  Hydralisk x2  
  154  15:18  Hydralisk  
  154  15:21  Zergling x2  
  159  15:23  Zergling x6  
  159  15:24  Infestor x5  
  172  15:28  Zergling x2  
  172  15:32  Zergling x4, Hatchery  
  172  15:33  Zergling x4  
  172  15:35  Zergling x2  
  177  15:37  Baneling x11  
  177  15:38  Zergling x2  
  177  15:42  Zerg Ground Armor Level 2  
  178  15:50  Hive  
  178  15:51  Zergling x4  
  178  15:52  Zergling x2  
  178  15:56  Infestor  
  182  15:58  Zergling x4  
  182  16:01  Corruptor  
  170  16:18  Zergling x2  
  170  16:19  Zergling x2  
  170  16:22  Hydralisk x7  
  170  16:23  Zergling x2  
  179  16:27  Overseer  
  179  16:28  Hydralisk x2  
  161  16:34  Hydralisk x3  
  161  16:37  Corruptor  
  161  16:39  Zergling x2  
  155  16:41  Corruptor  
  155  16:45  Corruptor  
  159  16:50  Corruptor  
  161  16:55  Corruptor  
  161  16:57  Corruptor, Zergling x2  
  166  17:02  Corruptor  
  166  17:04  Viper  
  166  17:06  Viper  
  173  17:15  Corruptor  
  173  17:16  Corruptor  
  175  17:29  Zerg Flyer Weapons Level 2  
  175  17:31  Corruptor, Hatchery  
  175  17:33  Overlord  
  175  17:39  Corruptor  
  175  17:40  Corruptor  
  179  17:49  Overlord  
  175  17:52  Zergling x2  
  175  17:54  Corruptor  
  175  17:55  Corruptor  
  180  18:01  Baneling x2  
  180  18:02  Spore Crawler  
  180  18:03  Spore Crawler  
  178  18:06  Overlord  
  178  18:11  Hydralisk  
  178  18:12  Hydralisk x2  
  184  18:14  Hydralisk  
  185  18:24  Drone  
  186  18:31  Hatchery  
  183  18:46  Infestor, Hydralisk x2  
  183  18:47  Zergling x2  
  183  18:48  Zergling x10  
  186  18:52  Zergling x2  
  186  18:54  Infestor x3  
  191  18:57  Hydralisk  
  191  19:04  Hydralisk x2  
  184  19:15  Hydralisk  
  184  19:16  Hydralisk x2  
  182  19:22  Corruptor  
  182  19:23  Infestor x7  
  184  19:24  Hydralisk  
  184  19:25  Hydralisk  
  184  19:28  Hydralisk  
  184  19:30  Infestor x7  
  186  19:38  Hydralisk x3  
  175  19:43  Hydralisk  
  167  19:46  Hydralisk  
  167  19:49  Hydralisk  
  167  19:52  Hydralisk  
  140  19:56  Hydralisk  
  118  20:07  Hydralisk x2  
  118  20:08  Hydralisk  
  118  20:11  Hydralisk  
  118  20:14  Hydralisk  

Tags
 
Add a new tag
Caveats
  • Supply blocks, unpowered buildings, or Contaminate may cause inaccurate times.
  • Supply counts are checked every 10 seconds.